 Dungeon Crawl Stone Soup version 0.30.0-5-g1a98f26d00 (webtiles) character file.

Game seed: 17776315184438891565

72 voltaire321 the Magician (level 4, 0/24 HPs)
             Began as a Deep Elf Air Elementalist on May 9, 2023.
             Slain by Natasha (6 damage)
             ... on level 2 of the Dungeon.
             The game lasted 00:04:13 (1583 turns).

voltaire321 the Magician (DEAE)                     Turns: 1583, Time: 00:04:14

Health: 0/24       AC:  4    Str:  7    XL:     4   Next: 6%
Magic:  0/11       EV: 13    Int: 20    God:
Gold:   10         SH:  0    Dex: 15    Spells: 9/10 levels left

rFire   . . .        c - +0 dagger
rCold   . . .        (no shield)
rNeg    . . .        a - +0 robe
rPois   .            d - +2 hat
rElec   .            (no cloak)
rCorr   .            (no gloves)
SInv    .            (no boots)
Will    .....        (no amulet)
Stlth   ++           (no ring)
HPRegen 0.24/turn    (no ring)
MPRegen 0.12/turn

%: no passive effects
@: no status effects
A: no striking features
a: no special abilities


You were on level 2 of the Dungeon.
You visited 1 branch of the dungeon, and saw 2 of its levels.

You collected 10 gold pieces.

Inventory:

Hand Weapons
 c - a +0 dagger (weapon)
Armour
 a - a +0 robe (worn)
 d - a +2 hat (worn)
Jewellery
 f - a ring of ice
Scrolls
 e - a scroll of enchant armour {unknown}
 g - a scroll of teleportation {unknown}
 i - a scroll of identify {unknown}
 k - a scroll of fear {unknown}
 m - a scroll of immolation {unknown}
Potions
 b - a potion of magic
 h - a potion of brilliance {unknown}
 j - 2 potions of flight {unknown}
 l - a potion of curing {unknown}
 n - a potion of experience {unknown}


   Skills:
 + Level 0.9 Fighting
 + Level 1.0 Armour
 + Level 3.1 Dodging
 - Level 2.4 Stealth
 + Level 3.6 Spellcasting
 + Level 2.1 Conjurations
 + Level 3.3 Air Magic


You had 9 spell levels left.
You knew the following spells:

 Your Spells              Type           Power      Damage    Failure   Level
a - Shock                 Conj/Air       56%        1d6       4%          1

Your spell library contained the following spells:

 Spells                   Type           Power      Damage    Failure   Level
 Static Discharge         Conj/Air       28%        2-4/arc   7%          2
 Swiftness                Air            17%        N/A       10%         3
 Airstrike                Air            8%         2d(2-18)  32%         4


Dungeon Overview and Level Annotations

Branches:
Dungeon (2/15)

Altars:

Shops:
D:1 (

Annotations:
D:2 Natasha


Message History

The zap misses Natasha.
Natasha wildly gestures.
Natasha shimmers violently.
Natasha misses you.
Aiming: Shock (safe; 4% risk of failure)
Press: ? - help, Q - select action Shift-Dir - straight line The zap misses Natasha.
Natasha claws you.
Aiming: Shock (safe; 4% risk of failure)
Press: ? - help, Q - select action Shift-Dir - straight line The zap hits Natasha.
Natasha is moderately wounded.
Natasha casts a spell at you. The magic dart hits you!
Aiming: Shock (safe; 4% risk of failure)
Press: ? - help, Q - select action Shift-Dir - straight line The zap hits Natasha.
Natasha is heavily wounded.
Natasha growls.
Natasha claws you but does no damage.
Aiming: Shock (safe; 4% risk of failure)
Press: ? - help, Q - select action Shift-Dir - straight line The zap hits Natasha but does no damage.
Natasha is heavily wounded.
Natasha claws you.
Aiming: Shock (safe; 4% risk of failure)
Press: ? - help, Q - select action Shift-Dir - straight line The zap hits Natasha.
Natasha is almost dead.
Natasha wildly gestures.
You feel disoriented. Natasha casts a spell at you. The magic dart hits you.
* * * LOW HITPOINT WARNING * * *
Aiming: Shock (safe; 4% risk of failure)
Press: ? - help, Q - select action Shift-Dir - straight line The zap misses Natasha.
Natasha mewls in sadness.
Natasha claws you.
You die...

.........#
#.....
#######..#
#.....
#.....#..#
### #.....
#.###.#..+
..# #...>.
#.#<#.#.##
#.# ######
#.#.#.#.#
#.#
#.#...#.#
#.#
#†#####.#
#h# #.# #@#
..# #.# ###
#.# #[# ##
#.#########
#.#.
#.........#
#.#.
#########.#
#.'. #.# #.
#.# #.#.


You could see Natasha.

Vanquished Creatures
  Natasha (D:2)
  2 adders (D:2)
  A dart slug (D:1)
  A ball python (D:1)
  3 bats (D:2)
  An endoplasm (D:1)
  A giant cockroach (D:1)
  4 goblins (D:1)
  A hobgoblin (D:2)
  6 kobolds
  2 quokkas
  A frilled lizard (D:1)
  2 rats (D:1)
26 creatures vanquished.

Notes
Turn   | Place    | Note
-------+----------+-------------------------------------------
     0 | D:1      | voltaire321 the Deep Elf Air Elementalist began the quest
                  | for the Orb.
     0 | D:1      | Reached XP level 1. HP: 10/10 MP: 6/6
    17 | D:1      | Found Zuicine's Antique Weapon Shoppe.
   306 | D:1      | Reached XP level 2. HP: 15/15 MP: 2/8
  1023 | D:2      | Reached XP level 3. HP: 20/20 MP: 5/9
  1355 | D:2      | Noticed Natasha
  1359 | D:2      | Killed Natasha
  1360 | D:2      | Reached skill level 1 in Armour
  1360 | D:2      | Reached XP level 4. HP: 24/24 MP: 5/11
  1570 | D:2      | Noticed Natasha
  1583 | D:2      | Slain by Natasha

Illustrated notes

Levels and vault maps discovered:
D:1:      dpeg_arrival_more_subterranean_lakeside_camping, layout_basic,
          serial_shops, shop
D:2:      layout_basic, columned_hall_lemuel, uniq_natasha

Skill      XL: |  1  2  3 |
---------------+----------+-----
Armour         | 1 |  1.0
Dodging        | 3 |  3.1
Conjurations   | 2 |  2.1
Fighting       | |  0.9
Stealth        | |  2.4
Spellcasting   | |  3.6
Air Magic      | |  3.3

Action                     |  1- 3 |  4- 6 || total
---------------------------+-------+-------++-------
  Melee: Dagger            |     4 |     1 ||     5
   Cast: Shock             |    54 |    13 ||    67
 Armour: Robe              |     4 |     2 ||     6
  Dodge: Dodged            |     6 |     3 ||     9
